 Dungeon Crawl Stone Soup version 0.21.0-30-g47ce8e4 (webtiles) character file.

8 tidbits the Firebug (level 2, -3/19 HPs)
             Began as a Gnoll Fire Elementalist on Jan 29, 2018.
             Killed from afar by Natasha (7 damage)
             ... with a magic dart
             ... on level 3 of the Dungeon.
             The game lasted 00:01:34 (175 turns).

tidbits the Firebug (Gnoll Fire Elementalist)        Turns: 175, Time: 00:01:34

Health: -3/19      AC:  2    Str: 10    XL:     2   Next: 8%
Magic:  4/7        EV: 14    Int: 17    God:
Gold:   11         SH:  0    Dex: 15    Spells: 7/10 levels left

rFire    . . .     SeeInvis .   a - +2 dagger (venom)
rCold    . . .     Gourm    .   (no shield)
rNeg     . . .     Faith    .   g - +0 robe
rPois    .         Spirit   .   (no helmet)
rElec    .         Reflect  .   (no cloak)
rCorr    .         Harm     .   (no gloves)
MR       .....                  (no boots)
Stlth    +++.......             (no amulet)
HPRegen  0.06/turn              (no ring)
MPRegen  0.10/turn              (no ring)

@: no status effects
A: distributed training, fangs 1, strong nose
a: no special abilities


You were on level 3 of the Dungeon.
You were not hungry.

You visited 1 branch of the dungeon, and saw 3 of its levels.

You collected 11 gold pieces.

Inventory:

Hand Weapons
 a - a +2 dagger of venom (weapon)
   (You found it on level 3 of the Dungeon)
 i - a +0 dagger
Missiles
 e - 44 sling bullets
 h - 2 stones (quivered)
Armour
 g - a +0 robe (worn)
Scrolls
 f - a scroll of identify {unknown}
Potions
 d - a potion of magic {unknown}
Books
 b - a book of Flames

   Spells                             Type                      Level
   a - Flame Tongue                   Conjuration/Fire             1
   b - Throw Flame                    Conjuration/Fire             2
   c - Conjure Flame                  Conjuration/Fire             3
   d - Inner Flame                    Hexes/Fire                   3
   e - Sticky Flame                   Conjuration/Fire             4
   f - Fireball                       Conjuration/Fire             5
Comestibles
 c - 4 rations


   Skills:
 + Level 0.2 Fighting
 + Level 0.2 Short Blades
 + Level 0.2 Long Blades
 + Level 0.2 Axes
 + Level 0.2 Maces & Flails
 + Level 0.2 Polearms
 + Level 0.2 Staves
 + Level 0.2 Slings
 + Level 0.2 Bows
 + Level 0.2 Crossbows
 + Level 0.2 Throwing
 + Level 0.2 Armour
 + Level 4.4 Dodging
 + Level 4.0 Stealth
 + Level 0.2 Shields
 + Level 0.2 Unarmed Combat
 + Level 4.9 Spellcasting
 + Level 2.0 Conjurations
 + Level 0.1 Hexes
 + Level 0.1 Charms
 + Level 0.1 Summonings
 + Level 0.1 Necromancy
 + Level 0.1 Translocations
 + Level 0.1 Transmutations
 + Level 5.3 Fire Magic
 + Level 0.1 Ice Magic
 + Level 0.1 Air Magic
 + Level 0.1 Earth Magic
 + Level 0.1 Poison Magic
 + Level 0.3 Invocations
 + Level 0.2 Evocations


You had 7 spell levels left.
You knew the following spells:

 Your Spells              Type           Power        Failure   Level  Hunger
a - Flame Tongue          Conj/Fire      ###..        3%          1    None
f - Throw Flame           Conj/Fire      ###...       4%          2    #......


Dungeon Overview and Level Annotations

Branches:
Dungeon (3/15)

Altars:
Qazlal

Annotations:
D:3 Natasha


Innate Abilities, Weirdness & Mutations

Your experience applies equally to all skills.
You have very sharp teeth.
Your uncanny sense of smell can sniff out nearby items.


Message History

Aim: a kobold, wielding a dagger (resting)
The flame tongue hits the kobold.
You kill the kobold!
Your Conjurations skill increases to level 2!
Things that are here:
a dagger; 2 stones; a kobold corpse
g - a dagger;
h - 2 stones Wield which item (- for none, * to show all)? (? for menu, Esc to quit)
g - a +0 dagger (weapon)
Adjust (i)tems, (s)pells, or (a)bilities?
Adjust which item? (? for menu, Esc to quit)
g - a +0 dagger (weapon)
Adjust to which letter? (? for menu, Esc to quit)
a - a +0 dagger (weapon);
g - a +0 robe (worn)
Found a ration.
Found an escape hatch in the floor.
You see here a ration.
c - 3 rations (gained 1)
There is an escape hatch in the floor here.
You slide downwards.
The hatch slams shut behind you.
Found 4 gold pieces and 7 arrows.
Unknown command.
A hobgoblin comes into view. It is wielding a club.
Casting: Flame Tongue
Confirm with . or Enter, or press ? or * to list all spells.
Aiming: Flame Tongue
Press: ? - help, Shift-Dir - straight line, f - hobgoblin
Aim: a hobgoblin, wielding a club (resting)
The flame tongue hits the hobgoblin.
You kill the hobgoblin!
You have reached level 2!
Memorise Throw Flame, consuming 2 spell levels and leaving 7?
You start memorising the spell.
You continue memorising. x2
You finish memorising.
Spell assigned to 'b'.
Adjust (i)tems, (s)pells, or (a)bilities?
Adjust which spell? b - Throw Flame Adjust to which letter? f - Throw Flame A goblin comes into view.
It is wielding a club.
Found a ration.
Things that are here:
a club; a hobgoblin corpse
Found a ration.
The goblin shouts!
The goblin hits you but does no damage.
You hit the goblin.
You kill the goblin!
Things that are here:
a club; a ration; a goblin corpse
Things that are here:
a club; a hobgoblin corpse A bat comes into view.
Found a stone staircase leading down.
Found a glowing dagger.
You see here a ration.
c - 4 rations (gained 1)
You see here a glowing dagger.
i - a glowing dagger Wield which item (- for none, * to show all)? (? for menu, Esc to quit)
Your +2 dagger of venom begins to drip with poison!
i - a +2 dagger of venom (weapon)
Adjust (i)tems, (s)pells, or (a)bilities?
Adjust which item? (? for menu, Esc to quit)
i - a +2 dagger of venom (weapon)
Adjust to which letter? (? for menu, Esc to quit)
a - a +2 dagger of venom (weapon);
i - a +0 dagger A hobgoblin comes into view.
It is wielding a club.
Found 20 stones.
Found 13 gold pieces.
Natasha, Servant of Life and Death comes into view.
Found a ration.
Found a stormy altar of Qazlal.
The hobgoblin shouts!
You hit Natasha. You bite Natasha, but do no damage.
Natasha is lightly wounded.
Natasha claws you!
Casting: Flame Tongue
Confirm with . or Enter, or press ? or * to list all spells.
Aiming: Flame Tongue
Press: ? - help, Shift-Dir - straight line, f - Natasha
Aim: Natasha (lightly wounded)
The flame tongue hits Natasha.
Natasha is almost dead.
Natasha stares at you and mumbles some strange words.
The magic dart hits you!
* * * LOW HITPOINT WARNING * * *
Casting: Flame Tongue
Confirm with . or Enter, or press ? or * to list all spells.
Aiming: Flame Tongue
Press: ? - help, Shift-Dir - straight line, f/p - Natasha
Aim: Natasha (almost dead)
The flame tongue misses Natasha.
Natasha misses you.
Casting: Flame Tongue
Confirm with . or Enter, or press ? or * to list all spells.
Aiming: Flame Tongue
Press: ? - help, Shift-Dir - straight line, f/p - Natasha
Aim: Natasha (almost dead)
The flame tongue misses Natasha.
The hobgoblin misses you.
Natasha stares at you and mumbles some strange words.
The magic dart hits you!
You die...

_.......###.............
.^.^^ #.###.#..#....
#(≈^+ #.# #.#.)#.... §
#^.####.# #.#..#....
..###.......# #.#......#
..^≈....#######.#.##....
........................
#.................##.#.#
#.....g@#######.####.#.#
+.....h.......$. .....
#.........###### .....#
#..$......# .(...+
######%...# #.....#
#....# #.....# #....#
#....#


You could see Natasha and a hobgoblin.

Vanquished Creatures
  A bat (D:2)
  2 goblins
  A hobgoblin (D:3)
  A kobold (D:2)
  A quokka (D:2)
6 creatures vanquished.

Notes
Turn   | Place    | Note
-------+----------+-------------------------------------------
     0 | D:1      | tidbits the Gnoll Fire Elementalist began the quest for the Orb.
     0 | D:1      | Reached XP level 1. HP: 13/13 MP: 6/6
   111 | D:2      | Reached skill level 2 in Conjurations
   138 | D:3      | Reached XP level 2. HP: 19/19 MP: 5/7
   142 | D:3      | Learned a level 2 spell: Throw Flame
   168 | D:3      | Found a stormy altar of Qazlal.
   168 | D:3      | Noticed Natasha
   175 | D:3      | Killed from afar by Natasha

Skill      XL: |  1 |
---------------+----+-----
Conjurations   | 2 |  2.0
Fighting       | |  0.2
Short Blades   | |  0.2
Long Blades    | |  0.2
Axes           | |  0.2
Maces & Flails | |  0.2
Polearms       | |  0.2
Staves         | |  0.2
Slings         | |  0.2
Bows           | |  0.2
Crossbows      | |  0.2
Throwing       | |  0.2
Armour         | |  0.2
Dodging        | |  4.4
Stealth        | |  4.0
Shields        | |  0.2
Unarmed Combat | |  0.2
Spellcasting   | |  4.9
Hexes          | |  0.1
Charms         | |  0.1
Summonings     | |  0.1
Necromancy     | |  0.1
Translocations | |  0.1
Transmutations | |  0.1
Fire Magic     | |  5.3
Ice Magic      | |  0.1
Air Magic      | |  0.1
Earth Magic    | |  0.1
Poison Magic   | |  0.1
Invocations    | |  0.3
Evocations     | |  0.2

Action                   || total
-------------------------++-------
Melee: Dagger            ||     2
       Bite              ||     1
 Cast: Flame Tongue      ||     8
Armor: Robe              ||     1
Dodge: Dodged            ||     2

Table legend:
 A = Turns spent in this place as a percentage of turns spent in the entire game.
 B = Non-inter-level travel turns spent in this place as a percentage of non-inter-level travel turns spent in the entire game.
 C = Inter-level travel turns spent in this place as a percentage of turns spent in this place.
 D = Turns resting spent in this place as a percentage of non-inter-level travel turns spent in this place.
 E = Turns spent auto-exploring this place as a percentage of non-inter-level travel turns spent in this place.
 F = Non-inter-level travel turns spent in this place divided by the number of levels of this place that you've seen.
                   A       B       C       D       E      F
               +-------+-------+-------+-------+-------+----------------------
         Total | 100.0 | 100.0 |   0.0 |   0.0 |   0.0 |  58.3
       Dungeon | 100.0 | 100.0 |   0.0 |   0.0 |   0.0 |  58.3
               +-------+-------+-------+-------+-------+----------------------

Table legend:
 A = Kills in this place as a percentage of kills in entire the game.
 B = Kills by you in this place as a percentage of kills by you in the entire game.
 C = Kills by friends in this place as a percentage of kills by friends in the entire game.
 D = Other kills in this place as a percentage of other kills in the entire game.
 E = Experience gained in this place as a percentage of experience gained in the entire game.
 F = Experience gained in this place divided by the number of levels of this place that you have seen.
                   A       B       C       D       E      F
               +-------+-------+-------+-------+-------+----------------------
         Total | 100.0 | 100.0 |   N/A |   N/A | 100.0 |   4.0
       Dungeon | 100.0 | 100.0 |   N/A |   N/A | 100.0 |   4.0
               +-------+-------+-------+-------+-------+----------------------

Vault maps used:
D:1:      lightli_arrival_boilingwater
D:3:      grunt_qazlal_sundering, first_ration, uniq_natasha, uniq_robin
